Cogmind - Beta 13 @@@ ROGUE MODE // 2024.04.04 @ 06:00:59 Player: Peregrine Result: Smashed by cave-in Performance ------------- Evolutions (0) 0 Regions Visited (3) 600 Robots Destroyed (22) 110 Value Destroyed (705) 705 Prototype IDs (12) 240 Alien Tech Used (0) 0 Bonus (112) 112 TOTAL SCORE: 1767 Bonus ------- Follower Combat Kills 157 Friendly Fire -45 Cogmind --------- Core Integrity 0/250 Matter 225/300 Energy 180/180 System Corruption 1% Temperature Cool (0) Movement Treading (160) Location -10/Subcaves Parts ------- > --- POWER (1) -------- Meta Core > --- PROPULSION (2+1) - Spiked Treads Spiked Treads > --- UTILITY (2+1) ---- Gun Armor Scrap Shield (+) > --- WEAPON (2+3) ----- Riot Gun Heavy Battle Rifle (+) Battle Cannon (+) > --- INVENTORY (5) ---- Makeshift Power Source Humpback Experimental Sensor Array Scrap Shield Fragment (46) Peak State ------------ > --- POWER ------------ Meta Core > --- PROPULSION ------- Spiked Treads Spiked Treads > --- UTILITY ---------- Experimental Sensor Array Gun Armor > --- WEAPON ----------- Riot Gun Makeshift Laser Heavy Battle Rifle Battle Cannon > --- INVENTORY -------- Makeshift Power Source Humpback Scrap Shield [Rating: 49] Favorites ----------- Power Makeshift Power Source Engine Makeshift Power Source Power Core Meta Core Propulsion Spiked Treads Treads Spiked Treads Leg Aluminum Leg Wheel Subdweller Monowheel Flight Unit Flight Unit Utility Scrap Shield Device Experimental Sensor Array Storage Small Storage Unit Protection Scrap Shield Weapon Makeshift Laser Energy Gun Makeshift Laser Ballistic Gun Subdweller Machine Gun Ballistic Cannon Battle Cannon Launcher Subdweller Shrapnel Launcher Build | -11 -10 -10 -10 ------- Run | Yrd Mat Min Sub Slots Evolved . | . . . . Power . | . . . . Propulsion . | . . . . Utility . | . . . . Weapon . | . . . . Parts Attached 39 | . . 4 35 Power 6 | . . 1 5 Engine 5 | . . 1 4 Core 1 | . . . 1 Reactor . | . . . . Propulsion 14 | . . 2 12 Treads 2 | . . . 2 Leg 4 | . . . 4 Wheel 5 | . . . 5 Hover . | . . . . Flight 3 | . . 2 1 Utility 10 | . . 1 9 Device 4 | . . 1 3 Storage 2 | . . . 2 Processor . | . . . . Hackware . | . . . . Protection 4 | . . . 4 Artifact . | . . . . Weapon 9 | . . . 9 Energy Gun 3 | . . . 3 Energy Cannon . | . . . . Ballistic Gun 3 | . . . 3 Ballistic Cannon 2 | . . . 2 Launcher 1 | . . . 1 Special Weapon . | . . . . Impact Weapon . | . . . . Slashing Weapon . | . . . . Piercing Weapon . | . . . . Special Melee Weapon . | . . . . Unidentified Prototypes 3 | . . 1 2 Parts Lost 2 | . . . 2 Power . | . . . . Propulsion 1 | . . . 1 Utility . | . . . . Weapon 1 | . . . 1 Highest Loss Streak 1 | . . . 1 To Critical Strikes . | . . . . Average Slot Usage (%) 80 | . 85 70 82 Engine 12 | . 14 14 12 Treads 16 | . . . 19 Wheel 4 | . . . 4 Flight 5 | . . 27 1 Device 3 | . . 12 1 Protection 10 | . . . 12 Energy Gun 11 | . . . 13 Ballistic Gun 9 | . 28 14 8 Ballistic Cannon 2 | . . . 2 Naked Turns . | . . . . Heaviest Build 40 | 13 13 13 40 Greatest Support 40 | 20 20 20 40 Greatest Overweight (x) 1 | . . . 1 Average Overweight (x) . | . . . . Largest Inventory Capacity 35 | 8 8 8 35 Average Capacity 5 | 8 8 5 5 Most Carried 8 | 6 6 8 7 Average Carried 4 | 6 6 5 4 Final Capacity 8 | 8 8 5 5 Final Carried 6 | 6 6 5 5 Class Distribution -------------------- 52% | Derelict-Mutant 20% | Mutant 14% | Subdweller-Mutant 5% | Derelict-Skirmisher 5% | Derelict-Tank Dominant Class ---------------- Mutant | -10/Mines Derelict-Mutant | -10/Subcaves Resources | -11 -10 -10 -10 ----------- Run | Yrd Mat Min Sub Matter Collected 987 | 200 . 42 745 Remotely . | . . . . Salvage Created 726 | . . 52 674 Parts 58 | . . 6 52 Haulers Intercepted . | . . . . Recyclers Shooed . | . . . . Parts Field Recycled . | . . . . Retrieved Matter . | . . . . Parts Self-Destructed 20 | . . . 20 Prevented . | . . . . Kills | -11 -10 -10 -10 ------- Run | Yrd Mat Min Sub Combat Hostiles Destroyed 22 | . . 3 19 Guns 13 | . . 3 10 Cannons 7 | . . . 7 AOE 2 | . . . 2 Classes Destroyed 3 | . . 1 2 Swarmer 6 | . . 3 3 Sentry 1 | . . . 1 Subdweller 15 | . . . 15 Best Kill Streak 6 | . . 3 6 Combat Bots Only 6 | . . 3 6 Max Kills in Single Turn 2 | . . 2 2 Gunslinging 1 | . . 1 . Exploded 2 | . . . 2 Melee . | . . . . Uniques/NPCs Destroyed . | . . . . Combat | -11 -10 -10 -10 -------- Run | Yrd Mat Min Sub Hostile Shots Fired 94 | . . 9 85 Missed 26 | . . 3 23 Damage Taken 1721 | . . 50 1671 Core 251 | . . . 251 Absorbed by Shields . | . . . . Core Remaining (%) 100 | 100 . . . Volleys Fired 107 | . . 3 104 Largest 4 | . . 2 4 Hottest 172 | . . 40 172 Shots Fired 208 | . . 6 202 Gun 160 | . . 6 154 Cannon 43 | . . . 43 Launcher 5 | . . . 5 Special . | . . . . Kinetic 120 | . . 6 114 Thermal 74 | . . . 74 Explosive . | . . . . Electromagnetic 14 | . . . 14 Robot Hit Streak 11 | . . 4 11 Robot Miss Streak 4 | . . 2 4 Penetration Max . | . . . . Secondary Targets 1 | . . 1 . Max Gunslinging Chain 1 | . . 1 . Shots Hit Robots 85 | . . 4 81 Core Hits 37 | . . 4 33 Critical Kills . | . . . . Critical Parts Destroyed . | . . . . Critical Strikes 8 | . . . 8 Burn 3 | . . . 3 Destroy 1 | . . . 1 Blast 4 | . . . 4 Melee Attacks . | . . . . Impact . | . . . . Slashing . | . . . . Piercing . | . . . . Sneak Attacks . | . . . . Combat Hostiles . | . . . . Follow-up Attacks . | . . . . Damage Inflicted 1855 | . . 50 1805 Guns 1066 | . . 50 1016 Cannons 522 | . . . 522 Explosions 267 | . . . 267 Melee . | . . . . Ramming . | . . . . Kinetic 1336 | . . 50 1286 Thermal 440 | . . . 440 Explosive . | . . . . Electromagnetic 79 | . . . 79 Impact . | . . . . Slashing . | . . . . Piercing . | . . . . Highest Corruption . | . . . . Average Corruption . | . . . . Corruption Purged . | . . . . Corruption Blocked . | . . . . Overload Shots . | . . . . Overflow Damage . | . . . . Projectiles . | . . . . Explosions . | . . . . Melee . | . . . . Knockbacks 3 | . . . 3 Impact . | . . . . Kinetic 3 | . . . 3 Secondary . | . . . . Self-Inflicted Damage 16 | . . . 16 Shots 1 | . . . 1 Rammed . | . . . . Targets Rammed . | . . . . Kicked . | . . . . Crushed . | . . . . Highest Temperature 140 | . . . 140 Average Temperature 53 | . . . 53 Received Heat Transfer 162 | . . . 162 Siege Activations . | . . . . Robots Corrupted . | . . . . Combat Hostiles . | . . . . Parts Fried . | . . . . Impact Corruptions . | . . . . Robots Melted . | . . . . Combat Hostiles . | . . . . Parts Melted 5 | . . . 5 Heat Transferred 1184 | . . . 1184 Parts Sabotaged . | . . . . Parts Stolen . | . . . . Parts Stripped . | . . . . Power Chain Reactions . | . . . . Alert | -11 -10 -10 -10 ------- Run | Yrd Mat Min Sub Peak Influence 85 | . . 85 . Initial . | . . . . Average 42 | . . 43 . Maximum Alert Level . | . . . . Low Security (%) 100 | 100 100 100 . Level 1 . | . . . . Level 2 . | . . . . Level 3 . | . . . . Level 4 . | . . . . Level 5 . | . . . . High Security . | . . . . Max Security . | . . . . Squads Dispatched . | . . . . Investigation . | . . . . Extermination . | . . . . Reinforcement . | . . . . Assault . | . . . . Garrison . | . . . . Intercept . | . . . . Searches Triggered . | . . . . Construction Impeded . | . . . . Haulers Reinforced . | . . . . Active Scanning Responses . | . . . . Cargo Convoy Interrupts . | . . . . Stealth | -11 -10 -10 -10 --------- Run | Yrd Mat Min Sub Distress Signals . | . . . . Communications Jammed . | . . . . Distress Signals . | . . . . Times Spotted 57 | . . 3 54 Peak Tracking Total 6 | . . 3 6 Tactical Retreats 2 | . . . 2 Traps | -11 -10 -10 -10 ------- Run | Yrd Mat Min Sub Traps Triggered . | . . . . Indirectly . | . . . . Trap Hack Attempts . | . . . . Triggered . | . . . . Disarmed . | . . . . Reprogrammed . | . . . . Reused . | . . . . Traps Extracted . | . . . . Installed . | . . . . Triggered 2 | . . . 2 Machines | -11 -10 -10 -10 ---------- Run | Yrd Mat Min Sub Machines Disabled 2 | . . . 2 Max in Single Turn 1 | . . . 1 Machines Repaired . | . . . . Machines Dismantled . | . . . . Machines Sabotaged . | . . . . Overloaded Fab Kills . | . . . . Hacking | -11 -10 -10 -10 --------- Run | Yrd Mat Min Sub Machines Accessed 3 | . . 1 2 Terminals . | . . . . Fabricators . | . . . . Repair Stations . | . . . . Recycling Units . | . . . . Scanalyzers . | . . . . Garrison Access . | . . . . Total Hacks 13 | . . 1 12 Successful 13 | . . 1 12 Failed . | . . . . Catastrophic . | . . . . Database Lockouts . | . . . . Manual 2 | . . . 2 Terminals . | . . . . Fabricators . | . . . . Repair Stations . | . . . . Recycling Units . | . . . . Scanalyzers . | . . . . Garrison Access . | . . . . Terminal Hacks 13 | . . 1 12 Record 11 | . . . 11 Open Door 1 | . . 1 . Derelict Proto ID Bank 1 | . . . 1 Fabricator Hacks . | . . . . Repair Station Hacks . | . . . . Recycling Unit Hacks . | . . . . Scanalyzer . | . . . . Garrison Access Hacks . | . . . . Unauthorized Hacks . | . . . . Terminals . | . . . . Fabricators . | . . . . Repair Stations . | . . . . Recycling Units . | . . . . Scanalyzers . | . . . . Garrison Access . | . . . . Data Cores Recovered . | . . . . Used . | . . . . Hacking Detections . | . . . . Full Trace Events . | . . . . Feedback Events . | . . . . Feedback Blocked . | . . . . Robot Schematics Acquired . | . . . . Robots Built . | . . . . Authchips . | . . . . Time . | . . . . Total Robot Build Rating . | . . . . Part Schematics Acquired . | . . . . Parts Built . | . . . . Authchips . | . . . . Time . | . . . . Total Part Build Rating . | . . . . Parts Repaired . | . . . . Time . | . . . . Parts Recycled . | . . . . Recycled Matter . | . . . . Retrieved Matter . | . . . . Retrieved Components . | . . . . Parts Scanalyzed . | . . . . Part Schematics Acquired . | . . . . Parts Damaged . | . . . . Bothacking | -11 -10 -10 -10 ------------ Run | Yrd Mat Min Sub Used RIF Installer . | . . . . Robots Hacked . | . . . . Non-combat . | . . . . Combat . | . . . . Robot Hacks Applied . | . . . . Relay Couplers Released . | . . . . Fabnet Peak Effective % . | . . . . Robots Rewired . | . . . . Allies Hacked . | . . . . Hacks Repelled . | . . . . Allies | -11 -10 -10 -10 -------- Run | Yrd Mat Min Sub Total Allies 3 | . . 3 . Largest Group 3 | . . 3 3 Highest-Rated Group 40 | . . 40 40 Highest-Rated Ally 16 | . . 16 16 Total Orders . | . . . . Ally Attacks 34 | . . . 34 Total Damage 430 | . . . 430 Kills 6 | . . . 6 Allies Corrupted . | . . . . Allies Melted . | . . . . Intel | -11 -10 -10 -10 ------- Run | Yrd Mat Min Sub Robot Analysis Total . | . . . . Derelict Logs Recovered 2 | . . 1 1 Drone Launches . | . . . . Drone Recoveries . | . . . . Exploration | -11 -10 -10 -10 ------------- Run | Yrd Mat Min Sub Turns Passed 4387 | 3 15 763 3606 Spaces Moved 2751 | 3 13 413 2322 Core . | . . . . Treads 1569 | . . . 1569 Legs 37 | 3 13 6 15 Wheels 458 | . . . 458 Hover . | . . . . Flight 687 | . . 407 280 Fastest Speed 37 | 120 120 37 37 Average Speed 120 | 120 120 38 135 Slowest Speed 260 | 120 120 120 260 Overloaded Moves . | . . . . Propulsion Burnouts . | . . . . Robots Hopped 2 | . . 2 . Cave-ins Triggered 1 | . . . 1 Exploration Rate (%) 40 | 2 4 65 92 Regions Visited 3 Branch Regions 2 Pre-discovered Areas . | . . . . Known Exits Taken . | . . . . Unknown Exits Taken 3 | 1 1 1 . Scrap Searched 12 | . . . 12 Spaces Dug 2 | . . . 2 Terrain Destroyed 69 | . . . 69 Melee . | . . . . Projectile 2 | . . . 2 AOE 67 | . . . 67 Terrain Rammed . | . . . . Walls Destroyed . | . . . . Machines Disabled . | . . . . Actions | -11 -10 -10 -10 --------- Run | Yrd Mat Min Sub Total 3628 | 2 12 1014 2600 Wait 631 | . . 577 54 Move 2744 | 2 12 408 2322 Hop 2 | . . 2 . Pick Up 34 | . . 7 27 Fast Attach 12 | . . 1 11 Attach 12 | . . . 12 Detach 4 | . . 2 2 Swap 15 | . . 3 12 Drop 47 | . . 11 36 Fire 107 | . . 3 104 Melee . | . . . . Ram . | . . . . Kick . | . . . . Crush . | . . . . Escape Stasis . | . . . . Rewire . | . . . . Trap . | . . . . Miscellaneous 20 | . . . 20 Route ------- -11/Scrapyard -10/Materials -10/Mines -10/Subcaves (discovered 3 exits: [*Mat x2] / [*Rec]) History --------- Turn | Location | Event 1 | -11/Scrapyard | Discovered new exit (range 3) 4 | -11/Scrapyard | Entered Materials 4 | -10/Materials | Discovered new exit (range 11) 19 | -10/Materials | Entered Mines 61 | -10/Mines | Assisted by bots powering up and referring to "LRC-V3" 62 | -10/Mines | Learned 2 Materials zone layouts 86 | -10/Mines | Found a damaged Exp. Sensor Array with a note attached 87 | -10/Mines | Found Prototype Device 87 | -10/Mines | Identified Exp. Sensor Array 123 | -10/Mines | Found the Drone Emporium 127 | -10/Mines | Found Prototype Device 318 | -10/Mines | Build established: Mutant 749 | -10/Mines | Discovered new exit (range 10) 782 | -10/Mines | Entered Subcaves 782 | -10/Subcaves | Accompanied by 3 allies 788 | -10/Subcaves | Identified Bomb Drone Bay 895 | -10/Subcaves | Shifting Twisted Machinery released Battle Rifle 900 | -10/Subcaves | Ambushed by swarm of Subdwellers 907 | -10/Subcaves | Ambushed by Subdwellers from Twisted Machinery 1151 | -10/Subcaves | A Subdweller sparked back to life 1151 | -10/Subcaves | A Subdweller sparked back to life 1151 | -10/Subcaves | A Subdweller sparked back to life 1209 | -10/Subcaves | Build established: Subdweller-Mutant 1232 | -10/Subcaves | Discovered new exit (range 8) 1361 | -10/Subcaves | Ambushed by Subdwellers from Twisted Machinery 1496 | -10/Subcaves | Visited Clippyterm 1874 | -10/Subcaves | Build established: Derelict-Mutant 1900 | -10/Subcaves | A swath of the cavern ceiling suddenly collapsed 2117 | -10/Subcaves | Ambushed by Subdwellers from Twisted Machinery 2158 | -10/Subcaves | Discovered new exit (range 15) 2625 | -10/Subcaves | Learned location of 1 exit from Materials 2942 | -10/Subcaves | A swath of the cavern ceiling suddenly collapsed 3120 | -10/Subcaves | Core integrity fell below 50% 3242 | -10/Subcaves | Disturbed a concealed Subdweller 3242 | -10/Subcaves | Ambushed by Subdweller buried in earth 3470 | -10/Subcaves | Shifting Twisted Machinery released Sub. Optics 3521 | -10/Subcaves | Shifting Twisted Machinery released Humpback 3605 | -10/Subcaves | Found Prototype Protection 3605 | -10/Subcaves | Identified Gun Armor 3606 | -10/Subcaves | Attached Gun Armor, gained temporary slots: Weapon x2 3917 | -10/Subcaves | Discovered new exit (range 10) 3984 | -10/Subcaves | Visited 4L-MR0's lab 4014 | -10/Subcaves | Found Meta Core 4016 | -10/Subcaves | Attached Meta Core, gained temporary slots: Propulsion, Utility, Weapon 4213 | -10/Subcaves | Disturbed a concealed Subdweller 4389 | -10/Subcaves | Crushed by falling debris 4389 | -10/Subcaves | Smashed by cave-in Last Messages --------------- 04114_ FA-CSL(u) builds Twisted Machinery. 04122_ TX-D0H(u) tweaks Twisted Machinery. 04133_ Dropped Exp. Sensor Array. 04134_ Acquired Scrap Shield Fragment. 04137_ Acquired Exp. Sensor Array. 04138_ Dropped Scrap Shield Fragment. 04140_ Acquired Scrap Shield Fragment. 04213_ 4M-T6M(R) angrily emerges from the Twisted Machinery. 04215_ TX-D0H(u) builds Twisted Machinery. 04220_ 4M-T6M(R) knocked back. 04227_ 4M-T6M(R) destroyed. 04232_ Acquired 5 matter. 04235_ Acquired 51 matter. 04238_ Scrap Shield Fragment affixed to Scrap Shield (+48). 04241_ Scrap Shield Fragment affixed to Scrap Shield (+33). 04251_ Acquired 13 matter. 04389_ The unstable cave ceiling collapses. 04389_ Crushed by falling debris. 04389_ Mak. Laser destroyed. 04389_ System corrupted by crushing effect (+1). Map ----- +----------------------------------------------------+ | ???????????????????????????????????# # ### #????? | | ???????????????????????????????????## ### #????? | | ????????????????????????????????#### ## #????? | | ???????????????????????????????## ## # #????? | | ??????????????????????????????## # #????? | | ?????????????????????????????## ##????? | | ?????????????????????????????# ! #?????? | | ?????????????????????????###?# ###?????? | | ????????????????????????## ###### ##???????? | | ?????????????????????#### ### ### #????????? | | ?????????? ????????## ## #####????????? | | ?????????? ??????# #?#####?????? | | ?????????# ??## ### #?????? | | ????????# # ## ## #?????? | | ???????? ?# ### ##????? | | ???????? ??### #### ## #????? | | ????????# #????## #### #### ##????? | | #??###### #?????## #?####??# ##????? | | ##?# #??????# ###??????## #????? | | ### #???????## ###??????# #????? | | ### ##???????# ##????## #????? | | #?# ####????## #???## ##????? | | ### #?????# ##### ###?????? | | # ## #####?# ### ## #???????? | | ## ###;##### #####???????? | | ?## #@##??# #??????????? | | ?## % #????###???## #??????????? | | ?# ### ##???????????# #??????????? | | ## ##?# ###??###?????# #??????????? | | ##?##### #### ##????# #??????????? | | #?????# ## #????# #??????????? | | #???### #????# ##??????????? | | # #???# ##????#######???????????? | | ## ##???# ### ##???????????????????????? | | ?####????###??###########????????????????????????? | | ?????????????????????????????????????????????????? | | ?????????????????????????????????????????????????? | | ?????????????????????????????????????????????????? | | ?????????????????????????????????????????????????? | | ?????????????????????????????????????????????????? | | ?????????????????????????????????????????????????? | | ?????????????????????????????????????????????????? | | ?????????????????????????????????????????????????? | | ?????????????????????????????????????????????????? | | ?????????????????????????????????????????????????? | | ?????????????????????????????????????????????????? | | ?????????????????????????????????????????????????? | | ?????????????????????????????????????????????????? | | ?????????????????????????????????????????????????? | | ?????????????????????????????????????????????????? | +----------------------------------------------------+ Best States ------------- Heat Dissipation 25 Energy Generation 17 Energy Capacity 250 Matter Stores 300 Matter Capacity 300 Sight Range 16 Robot Scan Range 20 Terrain Scan Density 10 Armor Coverage 860 Evasion (%) 62 Recoil Reduction 2 Item Schematics ----------------- None Robot Schematics ------------------ None Fabricated ------------ Nothing Alien Tech Used ----------------- None Achievements -------------- None Challenges ------------ None Game ------ Seed NetworkPhysicsFragment Manual? 0 Play Time 00:40:41 Cumulative 80.2 hours Start 2024.04.04 @ 05:24:03 End 2024.04.04 @ 06:00:59 Sessions 1 Manual Loads 0 Difficulty Rogue Special Mode None Game No. 93 Rogue 78 Adventurer 15 Explorer 0 Win Type - Total 1 Types 0/0/1/0/0/0/0/0/0 Lore% 33 Gallery% 59 Achievement% 47 Wizard Run 0 Options --------- Layout 0 ASCII 0 Keyboard 0 Movement Mouse Keybinds 0 Fullscreen 2 Font 36/Smallcaps Map View 76x50 Zoom Use 0% Tactical HUD 1 Map Filters NONE Filters NONE Steam 1 RUN: c483aaf3-cbb9-47a2-9fcb-17a218b187ff